 Dungeon Crawl Stone Soup version 0.30-a0-737-gf23d94013f (webtiles) character file.

Game seed: 15945449622726975345

404 retardedninja the Trooper (level 6, -3/87 HPs)
             Began as a Gargoyle Fighter on Feb 2, 2023.
             Slain by Dowan
             ... wielding a +0 dagger
              (5 damage)
             ... on level 4 of the Dungeon.
             The game lasted 00:06:41 (4674 turns).

retardedninja the Trooper (Gargoyle Fighter)        Turns: 4674, Time: 00:06:41

Health: -3/87      AC: 23    Str: 21    XL:     6   Next: 86%
Magic:  6/6        EV:  2    Int:  9    God:
Gold:   120        SH:  8    Dex:  9    Spells: 5/5 levels left

rFire   . . .      SeeInvis .    a - +0 flail
rCold   + . .      Faith    .    p - +0 kite shield {rC+}
rNeg    + . .      Spirit   .    (body armour currently unavailable)
rPois   ∞          Reflect  .    (helmet currently unavailable)
rElec   .          Harm     .    (cloak currently unavailable)
rCorr   .          Rampage  .    (gloves currently unavailable)
Will    .....      NoTele   +    (boots currently unavailable) Stlth
                                 (no amulet)
HPRegen 0.34/turn                (no ring)
MPRegen 0.10/turn                (no ring)

@: mighty, berserking, tree-form, very quick
A: stationary, stasis, torment immunity, boosted hp, sickness immunity, AC +4,
negative energy resistance 1, (electricity resistance), torment resistance 1,
petrification resistance
a: no special abilities


You were on level 4 of the Dungeon.
You were a tree.
You visited 1 branch of the dungeon, and saw 5 of its levels.

You collected 269 gold pieces.
You spent 149 gold pieces at shops.

Inventory:

Hand Weapons
 a - a +0 flail (weapon)
Missiles
 o - 3 poisoned darts (quivered)
Armour
 c - a +0 chain mail (melded)
 p - a +0 kite shield of cold resistance (worn)
Scrolls
 e - 5 scrolls of teleportation
 k - a scroll of magic mapping
 l - a scroll of vulnerability
 r - a scroll of identify
Potions
 f - a potion of attraction {unknown}
 g - a potion of heal wounds {unknown}
 i - a potion of flight
 j - a potion of lignification
 m - a potion of berserk rage


   Skills:
 + Level 4.6 Fighting
 * Level 4.0 Maces & Flails
 * Level 2.2 Throwing
 + Level 4.5 Armour
 + Level 4.5 Shields


You had 5 spell levels left.
You didn't know any spells.
Your spell library contained the following spells:

 Spells                   Type           Power      Damage    Failure   Level
 Poisonous Vapours        Pois/Air       0%         N/A       87%         2
 Mephitic Cloud           Conj/Pois/Air  0%         N/A       98%         3
 Cigotuvi's Dreadful Rot  Necr/Pois/Air  Unusable   N/A       N/A         2

Dungeon Overview and Level Annotations

Branches:
Dungeon (5/15)
 Temple: D:4-7

Altars:
Ru

Shops:
D:2 *   D:3 *   D:4 [

Annotations:
D:4 Dowan


Innate Abilities, Weirdness & Mutations

You are a tree.
Your roots penetrate the ground, keeping you stationary.
You cannot be teleported.
You are immune to unholy pain and torment.
Your maximum health is greatly increased.
Your equipment is partially melded.
You are immune to sickness and miasma.
((Your stone body is resilient. (AC +4)))
You are immune to poison.
You resist negative energy. (rN+)
((You are resistant to electric shocks. (rElec)))
You are resistant to unholy torment.
You are immune to petrification.


Message History

Okay, then.
Blink to where?
Press: ? - help, Q - select action, (/) - cycle Dir - move target
As you read the scroll of blinking, it crumbles to dust.
The orc no longer looks unusually strong.
Throw: javelin (silver)
Press: ? - help, Q - select action, (/) - cycle Shift-Dir - straight line, f - Duvessa
Aim: Duvessa, wielding a +0 rapier and wearing a +0 ring mail (severely wounded, fast, 65% to hit)
You throw a silver javelin.
The silver javelin barely misses Duvessa.
It was a potion of lignification.
You turn into a tree.
Your +0 chain mail melds into your body.
Your roots penetrate the ground.
It was a potion of flight.
Your roots keep you in place.
The orc hits you but does no damage. Duvessa hits you with a +0 rapier.
* * * LOW HITPOINT WARNING * * *
It was a potion of berserk rage.
A red film seems to cover your vision as you go berserk!
You feel yourself moving faster!
You feel mighty! You block Duvessa's attack. The orc completely misses you.
You block Dowan's attack.
You hit Duvessa but do no damage.
Duvessa is severely wounded.
Duvessa hits you but does no damage. The orc hits you but does no damage.
Dowan hits you with a +0 dagger.
* * * LOW HITPOINT WARNING * * *
You hit Duvessa.
Duvessa is severely wounded.
Duvessa barely misses you. Duvessa hits you but does no damage.
Dowan says, "My weaknesses are her strengths!"
You block Dowan's attack. The orc hits you but does no damage.
You closely miss Duvessa.
Duvessa is severely wounded.
Duvessa hits you with a +0 rapier!
* * * LOW HITPOINT WARNING * * *
You thump Duvessa!
You kill Duvessa!
Dowan screams, "No!
Oh no!"
Dowan seems to find hidden reserves of power!
Dowan hits you with a +0 dagger.
You die...

#..........#
#############.##.####
#......#########'#..#
#...#.....#....(....#
#...#.....#.........#
'...#.....#...>.....#
#...##....#...)....##
#...##....'.....eo.##
#........#######♣)..#
######...##...##....#
...§.#..............#
.≈≈≈.#.............##
...≈.+.............#
._.≈§+.............#
...≈§+.....).......#
.≈§≈.#.............#
...§.#..).........)#


You could see Dowan (fast) and an orc.

Vanquished Creatures
  Grinder (D:5)
  Duvessa (D:4)
  2 iguanas (D:4)
  A hound zombie (D:5)
  6 adders
  2 dart slugs
  6 orcs
  8 endoplasms
  2 giant cockroaches (D:3)
  4 goblins
  9 hobgoblins
  5 kobolds
  3 quokkas
  8 ball pythons
  8 bats
  3 frilled lizards
  8 rats
77 creatures vanquished.

Notes
Turn   | Place    | Note
-------+----------+-------------------------------------------
     0 | D:1      | retardedninja the Gargoyle Fighter began the quest for the
                  | Orb.
     0 | D:1      | Reached XP level 1. HP: 14/14 MP: 1/1
   272 | D:1      | Reached XP level 2. HP: 19/19 MP: 2/2
   492 | D:1      | Reached XP level 3. HP: 14/23 MP: 3/3
  1405 | D:2      | Found a faded altar of an unknown god.
  1416 | D:2      | Found Kecikkem's General Store.
  1457 | D:2      | Reached XP level 4. HP: 29/29 MP: 4/4
  1933 | D:2      | Bought a +0 kite shield of cold resistance for 149 gold
                  | pieces
  2380 | D:3      | Found Ysanyrhe's Assorted Antiques.
  2661 | D:3      | Reached XP level 5. HP: 33/33 MP: 5/5
  3362 | D:4      | Found a sacrificial altar of Ru.
  3515 | D:4      | Found Lopp's Antique Armour Shoppe.
  3525 | D:4      | Reached skill level 1 in Throwing
  3995 | D:5      | Entered Level 5 of the Dungeon
  3995 | D:5      | Noticed a centaur
  4309 | D:5      | Noticed Grinder
  4340 | D:5      | Paralysed by Grinder for 2 turns
  4349 | D:5      | Killed Grinder
  4350 | D:5      | Reached XP level 6. HP: 18/39 MP: 6/6
  4640 | D:5      | Noticed Duvessa
  4642 | D:5      | Noticed Dowan
  4673 | D:4      | HP: 2/87 [Duvessa/+0 rapier (7)]
  4674 | D:4      | Killed Duvessa
  4674 | D:4      | Slain by Dowan

Illustrated notes

Levels and vault maps discovered:
D:1:      sevenhm_arrival_forest_fort_large_4, layout_rooms, serial_curves,
          eino_curves_02, eino_curves_01, eino_curves_03, eino_curves_01,
          minmay_strange_pillars
D:2:      layout_loops_ring, serial_shops, nicolae_shop_behind_doors,
          shapermc_ecumenical_altar_flowoftime, serial_park_tiny_pond,
          nrook_mini_backslash
D:3:      layout_basic, serial_shops, shop
D:4:      layout_gridville, mainiacjoe_overflow_alcove_4, serial_shops,
          nicolae_shop_hallway_plus
D:5:      layout_cave_pools, fedhas_bush_and_centaur_altar,
          minmay_temple_entry_sparse_star, serial_shops, shop, shop,
          nicolae_lakefront_shop, kennysheep_little_box, serial_undead,
          serial_undead_d, serial_undead_a, serial_undead_c, serial_undead_f,
          minmay_pentangle, uniq_ijyb, uniq_grinder, uniq_duvessa

Skill      XL: |  1  2  3  4  5 |
---------------+----------------+-----
Fighting       | 4 |  4.6
Armour         | 4 |  4.5
Shields        | 4 |  4.5
Maces & Flails | 3 4 |  4.0
Throwing       | 2 |  2.2

Action                     |  1- 3 |  4- 6 || total
---------------------------+-------+-------++-------
  Melee: Flail             |   101 |   138 ||   239
  Throw: Dart              |       |    25 ||    25
         Javelin           |       |    35 ||    35
    Use: Potion            |     1 |     7 ||     8
         Scroll            |       |     8 ||     8
 Armour: Scale mail        |    59 |    45 ||   104
         Chain mail        |       |    62 ||    62
         Skin              |       |     5 ||     5
  Dodge: Dodged            |    61 |    60 ||   121
  Block: Buckler           |    24 |    15 ||    39
         Kite shield       |       |    69 ||    69

Table legend: (Time is in decaauts)
 A = Elapsed time spent in this place.
 B = Non-inter-level travel time spent in this place.
 C = Inter-level travel time spent in this place.
 D = Time resting spent in this place.
 E = Time spent auto-exploring this place.
 F = Levels seen in this place.
 G = Mean time per level.
                   A        B        C        D        E       F      G
               +--------+--------+--------+--------+--------+-----+--------+
         Total |   4784 |   4600 |    184 |   1448 |   2369 |   5 |  956.8 |
       Dungeon |   4784 |   4600 |    184 |   1448 |   2369 |   5 |  956.8 |
               +--------+--------+--------+--------+--------+-----+--------+

Top non-repeatable levels by time:
     D:3: 1390 daAuts
     D:4: 1329 daAuts
     D:1: 1085 daAuts
     D:2: 911 daAuts
     D:5: 67 daAuts
